 Dungeon Crawl Stone Soup version 0.28-a0-1524-ge72afd5fc6 (webtiles) character file.

Game seed: 16213485315306991332

10560 HallandMoats the Fighter (level 11, -11/99 HPs)
             Began as a Ghoul Fighter on Jan 18, 2022.
             Was a Priest of Qazlal.
             Mangled by a boulder beetle (17 damage)
             ... on level 11 of the Dungeon.
             The game lasted 00:21:42 (14595 turns).

HallandMoats the Fighter (Ghoul Fighter)           Turns: 14595, Time: 00:21:43

Health: -11/99     AC: 17    Str: 21    XL:     11   Next: 64%
Magic:  14/16      EV:  7    Int:  5    God:    Qazlal [***...]
Gold:   163        SH:  9    Dex: 10    Spells: 10/10 levels left

rFire   + . .      SeeInvis .   a - +2 broad axe (vamp)
rCold   + + .      Faith    .   c - +0 buckler
rNeg    + + +      Spirit   .   q - +0 plate armour
rPois   ∞          Reflect  .   y - +2 hat
rElec   .          Harm     .   r - scarf {rC+ rF+}
rCorr   .          Rampage  .   F - +1 pair of gloves
Will    .....                   (no boots)
Stlth   ..........              (no amulet)
HPRegen 0.00/turn               (no ring)
MPRegen 0.15/turn               (no ring)

@: inhibited regen
A: claws 1, cold resistance 1, negative energy resistance 3, inhibited
regeneration, torment resistance 2
a: Renounce Religion, Upheaval, Elemental Force


You were on level 11 of the Dungeon.
You worshipped Qazlal.
Qazlal was most pleased with you.
You visited 1 branch of the dungeon, and saw 11 of its levels.
You also visited: Sewer.

You collected 730 gold pieces.
You spent 567 gold pieces at shops.

Inventory:

Hand Weapons
 a - a +2 vampiric broad axe (weapon)
 b - a +3 morningstar of protection
 G - the +6 quarterstaff of the Forgotten Things {protect, *Noise rN++}
   (You bought it in a shop on level 4 of the Dungeon)

   It grants its wielder temporary protection when it strikes (+7 to AC).
   rN:        It greatly protects you from negative energy.
   *Noise:    It may make noises in combat.
 I - the +6 war axe "Baptig" {chaos, rPois rCorr SInv}
   (You found it on level 11 of the Dungeon)

   Each time it hits an enemy it has a different, random effect.
   rPois:     It protects you from poison.
   SInv:      It lets you see invisible.
   rCorr:     It protects you from acid and corrosion.
Missiles
 z - 2 throwing nets (quivered)
Armour
 c - a +0 buckler (worn)
 q - a +0 plate armour (worn)
 r - a scarf of resistance (worn)
 y - a +2 hat (worn)
 F - a +1 pair of gloves (worn)
Wands
 t - a wand of acid (5)
Scrolls
 e - a scroll of immolation
 h - a scroll of brand weapon
 j - 2 scrolls of magic mapping
 m - a scroll of enchant armour
 v - a scroll of summoning
 w - 2 scrolls of fog
 B - 4 scrolls of teleportation
Potions
 d - a potion of degeneration {unknown}
 g - a potion of flight
 i - a potion of heal wounds
 k - 2 potions of cancellation
 o - 2 potions of ambrosia {unknown}
 p - 2 potions of brilliance {unknown}
 s - a potion of lignification {unknown}
 u - a potion of invisibility {unknown}
 A - a potion of resistance {unknown}
 C - 2 potions of mutation {unknown}
 E - 2 potions of curing


   Skills:
 + Level 9.9 Fighting
 - Level 7.6 Long Blades
 * Level 2.9 Axes
 + Level 6.3 Armour
 + Level 5.6 Dodging
 - Level 5.9 Shields
 + Level 9.0 Invocations


You had 10 spell levels left.
You didn't know any spells.
Your spell library contained the following spells:

 Spells                   Type           Power      Damage    Failure   Level
 Animate Skeleton         Necr           0%         N/A       100%        1
 Apportation              Tloc           0%         N/A       100%        1
 Foxfire                  Conj/Fire      0%         2x1d4     100%        1
 Summon Small Mammal      Summ           0%         N/A       100%        1
 Corpse Rot               Necr/Air       0%         N/A       100%        2
 Call Canine Familiar     Summ           0%         N/A       100%        3
 Conjure Flame            Conj/Fire      0%         6-21      100%        3
 Inner Flame              Hex/Fire       0%         N/A       100%        3
 Ozocubu's Armour         Ice            0%         N/A       100%        3
 Animate Armour           Summ/Erth      0%         N/A       100%        4
 Animate Dead             Necr           0%         N/A       100%        4
 Flame Wave               Conj/Fire      0%         2d4       100%        4
 Hailstorm                Conj/Ice       0%         3d3       100%        4
 Petrify                  Tmut/Erth      0%         N/A       100%        4
 Summon Lightning Spire   Summ/Air       0%         N/A       100%        4
 Borgnjor's Vile Clutch   Necr/Erth      0%         N/A       100%        5
 Irradiate                Conj/Tmut      0%         3d13      100%        5
 Metabolic Englaciation   Hex/Ice        0%         N/A       100%        5
 Summon Mana Viper        Hex/Summ       0%         N/A       100%        5
 Death Channel            Necr           0%         N/A       100%        6
 Simulacrum               Ice/Necr       0%         N/A       100%        6
 Summon Hydra             Summ           0%         N/A       100%        7
 Summon Horrible Things   Summ           0%         N/A       100%        8
 Sublimation of Blood     Necr           Unusable   N/A       N/A         2
 Ice Form                 Ice/Tmut       Unusable   N/A       N/A         4

Dungeon Overview and Level Annotations

Branches:
Dungeon (11/15)            Temple (0/1) D:4            Lair (0/6) D:8
    Orc (0/2) D:10          Sewer (visited)

Altars:
Ashenzari
Cheibriados
Qazlal
Trog
Uskayaw
Yredelemnul
Zin
Beogh

Shops:
D:4 (   D:6 *=   D:10 (

Annotations:
D:7 GearBrain's ghost, novice MiFi
D:11 1 runed translucent door, Bediveer's ghost, journeyman MiFi


Innate Abilities, Weirdness & Mutations

You thrive by killing the living.
You are immune to poison.
You have sharp fingernails.
Your flesh is cold resistant. (rC+)
You are immune to negative energy. (rN+++)
You do not regenerate when monsters are visible.
You are immune to unholy pain and torment.


Message History

The boulder beetle bites you. You block the boulder beetle's attack.
You slash the boulder beetle!
The boulder beetle is heavily wounded.
The boulder beetle completely misses you.
You slash the boulder beetle!
The boulder beetle is severely wounded.
The boulder beetle bites you but does no damage.
The boulder beetle leaps!
The boulder beetle is no longer covered in acid.
The boulder beetle curls into a ball and begins rolling!
There is an open door here.
You hit the boulder beetle but do no damage.
The boulder beetle is heavily wounded.
You block the boulder beetle's attack.
The boulder beetle stops rolling and uncurls.
You block the boulder beetle's attack.
You hit the boulder beetle.
You feel better.
The boulder beetle is heavily wounded.
The boulder beetle bites you but does no damage.
The boulder beetle bites you!
You slash the boulder beetle!
The boulder beetle is severely wounded.
The boulder beetle leaps!
The boulder beetle curls into a ball and begins rolling!
You hit the boulder beetle.
The boulder beetle is severely wounded.
The boulder beetle hits you!!
The boulder beetle stops rolling and uncurls.
The boulder beetle bites you!!
* * * LOW HITPOINT WARNING * * *
You hit the boulder beetle but do no damage.
The boulder beetle is severely wounded.
The boulder beetle bites you.
* * * LOW HITPOINT WARNING * * *
You hit the boulder beetle.
The boulder beetle is severely wounded.
The boulder beetle bites you!
* * * LOW HITPOINT WARNING * * *
The boulder beetle bites you!
You die...

###'###♣?#. #.## ####
#..# ##.### ### #...##
..# ###..# #.#
######+## ####'###
#......<########......#
#....B@○'.....##......#
#.....☼°#####..B......#
+.......# ####......#
#.......# ########
#########


You could see a boulder beetle.

Vanquished Creatures
  A boulder beetle (D:11)
  A moth of wrath (D:7)
  A gargoyle (D:11)
  A kobold demonologist (D:11)
  A troll (D:10)
  A centaur simulacrum (D:10)
  A shadow (D:11)
  2 wyverns
  5 yaks
  A wraith (D:9)
  A human (D:6)
  A steam dragon (D:8)
  5 water moccasins
  7 orc warriors
  Pargi (Sewer)
  5 ice beasts
  A sky beast (D:5)
  A black bear (D:5)
  2 ogres (D:6)
  2 centaurs
  A phantom (D:5)
  A kobold brigand (D:7)
  3 gnoll sergeants
  3 bullfrogs
  4 scorpions
  A wyvern skeleton (D:6)
  8 killer bees
  4 wights (D:9)
  3 howler monkeys
  3 centaur zombies
  A hound (D:5)
  A jelly (D:7)
  5 orc priests
  2 bullfrog skeletons
  7 orc wizards
  A killer bee zombie (D:7)
  3 hound zombies (D:5)
  A hound skeleton (D:4)
  A howler monkey zombie (D:9)
  12 gnolls
  9 adders
  3 worms
  2 dart slugs
  56 orcs
  8 ball pythons
  6 bats
  5 endoplasms
  A giant cockroach (D:4)
  7 goblins
  6 hobgoblins
  7 jackals
  A quokka (D:4)
  3 frilled lizards
  A goblin skeleton (D:6)
  11 kobolds
  A rat (D:1)
233 creatures vanquished.

Vanquished Creatures (collateral kills)
  A two-headed ogre (D:9)
  2 death yaks
  A vampire (D:10)
  2 yaks (D:7)
  An orc warrior (D:10)
  3 orcs (D:10)
10 creatures vanquished.

Vanquished Creatures (others)
  An orc wizard (D:8)
  An orc (D:8)
  2 demonic plants (D:1)
  4 withered plants (D:1)
8 creatures vanquished.

Grand Total: 251 creatures vanquished

Notes
Turn   | Place    | Note
-------+----------+-------------------------------------------
     0 | D:1      | HallandMoats the Ghoul Fighter began the quest for the Orb.
     0 | D:1      | Reached XP level 1. HP: 19/19 MP: 0/0
    11 | D:1      | You fall into a shaft and drop 1 floor!
   255 | D:2      | Reached XP level 2. HP: 26/26 MP: 1/1
   808 | D:1      | Reached XP level 3. HP: 24/33 MP: 2/2
   920 | D:1      | Found a faded altar of an unknown god.
   996 | D:1      | Prayed at the altar of an unknown god.
   996 | D:1      | Became a worshipper of Qazlal Stormbringer
   996 | D:1      | Reached * piety under Qazlal
  1787 | D:3      | Got the Compendium of Black Rituals
  2023 | D:3      | Reached skill level 1 in Invocations
  2023 | D:3      | Reached XP level 4. HP: 37/40 MP: 3/3
  2369 | D:4      | Found a snail-covered altar of Cheibriados.
  2371 | D:4      | Found a bloodstained altar of Trog.
  2379 | D:4      | Noticed a two-headed ogre
  2401 | D:3      | Reached ** piety under Qazlal
  2520 | D:3      | HP: 2/40 [orc priest/divine providence (12)]
  2522 | D:3      | Reached skill level 1 in Dodging
  2804 | D:4      | Reached XP level 5. HP: 3/46 MP: 5/5
  2807 | D:4      | HP: 2/46 [orc priest/divine providence (16)]
  3165 | D:4      | Found a staircase to the Ecumenical Temple.
  3357 | D:4      | Reached XP level 6. HP: 53/53 MP: 6/6
  3476 | D:4      | Found Luisea's Antique Weapon Emporium.
  3481 | D:4      | Bought a jewelled quarterstaff for 207 gold pieces
  3481 | D:4      | Identified the +6 quarterstaff of the Forgotten Things
                  | {protect, *Noise rN++} (You bought it in a shop on level 4
                  | of the Dungeon)
  3610 | D:5      | Entered Level 5 of the Dungeon
  3744 | D:5      | Reached skill level 5 in Fighting
  3744 | D:5      | Reached XP level 7. HP: 41/61 MP: 8/8
  4138 | D:5      | Found a glowing drain.
  4165 | Sewer    | Entered a sewer
  4189 | Sewer    | Noticed Pargi
  4195 | Sewer    | Killed Pargi
  4412 | D:5      | Found a runed translucent door.
  4463 | D:5      | Reached *** piety under Qazlal
  4464 | D:5      | Reached XP level 8. HP: 70/70 MP: 9/9
  4895 | D:5      | Found a hide-covered altar of Uskayaw.
  4910 | D:5      | Found a broken altar of Ashenzari.
  5365 | D:6      | Reached skill level 5 in Invocations
  5448 | D:6      | Found Bizodod's Jewellery Emporium.
  5630 | D:6      | Found a runed translucent door.
  5634 | D:6      | Found a basalt altar of Yredelemnul.
  5756 | D:6      | Reached skill level 5 in Long Blades
  5789 | D:6      | Reached XP level 9. HP: 78/78 MP: 10/12
  5875 | D:6      | Found Adowkelu's Serpentskin Sales.
  6763 | D:7      | Noticed a moth of wrath
  6766 | D:7      | Noticed GearBrain's ghost (novice MiFi)
  6783 | D:7      | Found a transporter.
  6914 | D:7      | Found a transporter.
  8257 | D:7      | Killed a moth of wrath
  8258 | D:7      | Reached skill level 5 in Armour
  8258 | D:7      | Reached XP level 10. HP: 64/88 MP: 9/14
  8266 | D:7      | Reached skill level 5 in Shields
  8631 | D:8      | Noticed a death yak
  8632 | D:8      | Noticed a death yak
  8632 | D:8      | Noticed a death yak
  8633 | D:8      | Found a staircase to the Lair.
  9250 | D:7      | Reached **** piety under Qazlal
  9450 | D:8      | Got Jenes's Tome of the Entourage
  9542 | D:8      | Killed a death yak
  9796 | D:7      | Killed a death yak
 11163 | D:9      | Reached XP level 11. HP: 95/97 MP: 16/16
 11591 | D:10     | Entered Level 10 of the Dungeon
 11593 | D:10     | Noticed a two-headed ogre
 12217 | D:9      | Killed a two-headed ogre
 12218 | D:9      | Reached skill level 5 in Dodging
 12843 | D:10     | Found a staircase to the Orcish Mines.
 12949 | D:10     | Found Pikequsch's Weapon Shoppe.
 12964 | D:10     | Bought a +2 vampiric broad axe for 360 gold pieces
 13100 | D:10     | Reached skill level 1 in Axes
 13656 | D:11     | Identified the +6 war axe "Baptig" {chaos, rPois rCorr
                  | SInv}
 13680 | D:11     | Noticed a boulder beetle
 13686 | D:11     | Killed a boulder beetle
 13688 | D:11     | Identified the +4 leather armour of Heotel {rC+}
 13920 | D:11     | Got the Grimoire of Creation
 14530 | D:11     | Found a runed translucent door.
 14530 | D:11     | Noticed Bediveer's ghost (journeyman MiFi)
 14573 | D:11     | Noticed a boulder beetle
 14595 | D:11     | Mangled by a boulder beetle

Illustrated notes

Levels and vault maps discovered:
D:1:      eino_arrival_cavern_e, layout_loops_ring,
          shapermc_ecumenical_altar_gd, nrook_loot_triangle,
          amcnicky_mini_corridor_feature
D:2:      layout_basic, serial_park_tiny_pond
D:3:      layout_rooms, minivault_5
D:4:      layout_cave_pools, mainiacjoe_overflow_catwalk_spiral,
          minmay_temple_entry_arrows, serial_shops, shop, kennysheep_diamond,
          grunt_ministairs_3
D:5:      layout_cave_pods, amethyst_overflow_temple_binary, serial_rivers,
          chequers_serial_rivers_marsh, chequers_serial_rivers_small_3,
          chequers_serial_rivers_small_a, chequers_serial_rivers_large_b,
          cheibrodos_sewer_entry_bend, lightli_church_of_beogh
D:6:      corexii_shack_village, layout_layer_cave, dk_yredelemnul_ordeal,
          minmay_shop_enchanted_jewellery, minmay_hedge_maze,
          guppyfry_shop_venom
D:7:      layout_gridville, mainiacjoe_overflow_brackets,
          gammafunk_ghost_berserking_beasts
D:8:      layout_gridville, dpeg_lair_monsters
D:9:      layout_stronghold
D:10:     layout_cave_pools, orc_david_3, st_stairs_2
D:11:     layout_roguey, gammafunk_ghost_grave

Skill      XL: |  1  2  3  4  5  6  7  8  9 10 11 |
---------------+----------------------------------+-----
Long Blades    | 2 3 4 5 6 7 |  7.6
Armour         | 3 4 5 6 |  6.3
Invocations    | 1 2 3 5 6 8 9 |  9.0
Fighting       | 4 5 6 7 9 |  9.9
Dodging        | 1 2 3 4 5 |  5.6
Shields        | 3 4 5 |  5.9
Axes           | 2 |  2.9

Action                   |  1- 3 |  4- 6 |  7- 9 | 10-12 || total
-------------------------+-------+-------+-------+-------++-------
Melee: Long sword        |   107 |    79 |       |       ||   186
       Quarterstaff      |       |    21 |   283 |   184 ||   488
       Broad axe         |       |       |       |   105 ||   105
Invok: Upheaval          |       |       |     4 |     4 ||     8
       Elemental Force   |       |       |       |     5 ||     5
Evoke: Wand              |       |       |       |     1 ||     1
  Use: Potion            |       |     2 |     1 |     5 ||     8
       Scroll            |       |       |     5 |    16 ||    21
 Stab: Paralysed         |       |       |       |     1 ||     1
Armor: Scale mail        |    40 |       |       |       ||    40
       Plate armour      |    21 |    87 |   284 |   365 ||   757
Dodge: Dodged            |    41 |    33 |   111 |   186 ||   371
Block: Buckler           |    44 |    40 |       |    74 ||   158
       Other             |       |     5 |    65 |    66 ||   136

Table legend: (Time is in decaauts)
 A = Elapsed time spent in this place.
 B = Non-inter-level travel time spent in this place.
 C = Inter-level travel time spent in this place.
 D = Time resting spent in this place.
 E = Time spent auto-exploring this place.
 F = Levels seen in this place.
 G = Mean time per level.
                   A        B        C        D        E       F      G
               +--------+--------+--------+--------+--------+-----+--------+
         Total |  14925 |  14488 |    437 |   3797 |   8040 |  12 | 1243.8 |
       Dungeon |  14739 |  14302 |    437 |   3797 |   7914 |  11 | 1339.9 |
         Sewer |    186 |    186 |      0 |      0 |    126 |   1 |  186.0 |
               +--------+--------+--------+--------+--------+-----+--------+

Top non-repeatable levels by time:
     D:7: 2622 daAuts
     D:9: 1968 daAuts
     D:5: 1633 daAuts
     D:6: 1568 daAuts
     D:3: 1297 daAuts
    D:10: 1211 daAuts
     D:1: 1082 daAuts
     D:8: 1076 daAuts
    D:11: 984 daAuts
     D:2: 663 daAuts
     D:4: 630 daAuts
   Sewer: 186 daAuts
